Map: Eternal Empire LE

Players

Boomslang - Winner!

  • Race: Zerg Zerg
  • Spawn Location: 1:00

RyuKey

  • Race: Terran Terran
  • League: Diamond
  • Spawn Location: 7:00

VOD

Have the link to the VOD?

Description

Time

  • Played on: June 21, 2020, 5:41 p.m.
  • Length: 14:10
Show
View Real Time Build Order
Export as new Build Order

Boomslang Zerg - Winner!

Build Orders: Pool First, Brood Lord Corruptor 

Get SALT Encoding   

  12  0:01  Drone  
  13  0:12  Overlord  
  13  0:16  Drone  
  14  0:31  Drone x2  
  14  0:34  Drone  
  17  0:44  Spawning Pool  
  17  0:48  Drone  
  17  0:55  Drone  
  18  1:12  Hatchery  
  18  1:13  Extractor  
  18  1:17  Drone  
  17  1:20  Drone  
  18  1:31  Zergling x2  
  19  1:32  Queen  
  21  1:42  Roach Warren  
  21  1:45  Drone  
  21  1:49  Drone  
  22  2:01  Overlord  
  22  2:18  Queen  
  24  2:23  Roach x2  
  24  2:25  Roach  
  24  2:29  Queen  
  30  2:34  Drone  
  30  2:36  Drone  
  34  2:51  Roach  
  33  2:58  Spine Crawler  
  33  3:00  Roach x2  
  36  3:26  Overlord  
  36  3:27  Overlord  
  36  3:44  Queen  
  38  3:51  Drone x2  
  38  3:52  Drone x8  
  48  4:01  Lair  
  48  4:14  Overlord  
  48  4:15  Drone x4  
  52  4:17  Extractor  
  52  4:18  Extractor  
  50  4:29  Extractor  
  49  4:37  Drone x4  
  49  4:38  Drone x2  
  55  4:39  Drone x2  
  57  4:52  Drone  
  58  4:55  Overlord x2  
  58  5:00  Spire  
  58  5:01  Drone x3  
  58  5:05  Glial Reconstitution  
  60  5:15  Roach  
  60  5:16  Roach x4  
  70  5:23  Drone, Spore Crawler  
  70  5:26  Drone x2, Spore Crawler  
  71  5:35  Overlord x2  
  71  5:37  Overseer  
  71  5:46  Overlord x2  
  71  5:47  Overlord  
  71  5:59  Roach x5  
  81  6:16  Overseer  
  81  6:17  Queen  
  83  6:19  Queen  
  85  6:37  Drone x2  
  87  6:46  Hatchery  
  86  6:53  Ravager x6  
  92  6:55  Drone x8  
  92  6:56  Drone x3  
  92  7:00  Zerg Flyer Weapons Level 1  
  103  7:03  Evolution Chamber  
  103  7:04  Evolution Chamber  
  101  7:10  Pneumatized Carapace  
  101  7:13  Overlord  
  101  7:14  Roach  
  103  7:21  Roach x2  
  107  7:23  Extractor  
  107  7:25  Extractor  
  105  7:30  Overlord x4  
  105  7:32  Zerg Missile Weapons Level 1  
  105  7:33  Zerg Ground Armor Level 1  
  105  7:38  Drone x2  
  105  7:39  Drone  
  104  8:11  Drone  
  104  8:12  Drone  
  106  8:13  Drone x4  
  106  8:14  Drone x4  
  114  8:22  Drone x2, Infestation Pit  
  114  8:25  Hatchery  
  114  9:00  Drone x6  
  114  9:01  Drone x9, Unknown  
  128  9:05  Hive  
  125  9:18  Drone x3  
  126  9:24  Spore Crawler  
  125  9:36  Drone x3  
  126  9:41  Corruptor  
  128  9:57  Zerg Missile Weapons Level 2, Zerg Ground Armor Level 2  
  128  10:11  Hatchery  
  127  10:26  Greater Spire  
  127  10:54  Corruptor x4  
  127  10:55  Corruptor x8  
  151  10:58  Overlord  
  151  10:59  Overlord x10  
  151  11:35  Metabolic Boost  
  151  11:36  Zergling x8  
  151  11:37  Zergling x16  
  151  11:38  Zergling x12  
  169  11:57  Brood Lord x3  
  169  11:58  Brood Lord x10  
  169  12:00  Corruptor x2  
  199  12:35  Spore Crawler  
  193  12:38  Spore Crawler  
  193  12:42  Spine Crawler  
  191  13:21  Corruptor  
  191  13:22  Corruptor x3  
Show
View Real Time Build Order
Export as new Build Order

RyuKey Terran 

Build Orders:  

Get SALT Encoding   

  12  0:01  SCV  
  13  0:16  Supply Depot  
  13  0:41  Barracks  
  13  0:46  Barracks  
  13  1:03  Barracks  
  13  1:06  SCV  
  14  1:27  Marine  
  15  1:33  Marine  
  15  1:39  Orbital Command  
  16  1:45  Marine  
  17  1:51  Marine  
  18  2:00  Marine, Bunker  
  19  2:03  Marine  
  20  2:12  Supply Depot  
  20  2:14  Marine  
  21  2:21  Marine  
  21  2:23  Marine  
  22  2:31  Marine  
  23  2:39  Marine  
  23  2:42  Marine  
  24  2:49  Marine  
  24  2:58  SCV  
  23  3:02  Refinery  
  23  3:03  Refinery  
  23  3:10  SCV  
  24  3:20  Supply Depot  
  24  3:22  SCV  
  25  3:34  SCV  
  26  3:46  SCV  
  27  3:52  Factory  
  27  3:58  SCV  
  28  4:10  SCV  
  29  4:22  SCV  
  30  4:31  Marine  
  31  4:35  SCV, Barracks Reactor, Barracks Tech Lab  
  31  4:37  Factory Tech Lab  
  32  4:38  Starport  
  32  4:47  SCV  
  32  4:48  Marine  
  32  4:49  Marine  
  35  4:59  SCV  
  36  5:01  Supply Depot  
  36  5:05  Supply Depot  
  36  5:06  Marine  
  36  5:07  Marine  
  37  5:11  SCV, Stimpack  
  37  5:13  Factory Tech Lab  
  39  5:22  Banshee  
  42  5:29  Cloaking Field  
  42  5:39  Siege Tank  
  45  5:59  Marine x3  
  45  6:03  SCV  
  48  6:12  Banshee  
  48  6:15  SCV  
  52  6:24  Command Center  
  52  6:40  SCV  
  52  6:43  Marine  
  52  6:44  Barracks Reactor x2  
  52  6:45  Factory Reactor  
  52  6:54  SCV  
  52  7:01  Command Center  
  52  7:06  SCV  
  52  7:08  Marine  
  54  7:26  SCV  
  54  7:29  Combat Shield  
  55  7:34  Starport Reactor  
  55  7:35  Marine x5  
  60  7:38  SCV  
  42  8:07  SCV  
  42  8:09  Orbital Command  
  42  8:12  Marine x2, Marauder  
  42  8:13  Marine x2, Siege Tank  
  42  8:19  Orbital Command  
  49  8:24  SCV  
  50  8:32  Marine x2  
  52  8:36  SCV  
  53  8:42  Marine x3  
  53  8:45  Siege Tank  
  53  8:46  SCV  
  61  8:48  SCV, Orbital Command  
  61  8:58  SCV  
  61  9:02  SCV  
  63  9:04  Marine x2  
  63  9:08  Marine x3  
  68  9:10  SCV  
  69  9:17  Siege Tank  
  69  9:18  SCV  
  69  9:22  Marine  
  74  9:25  SCV  
  74  9:27  SCV  
  74  9:30  SCV  
  77  9:34  Marine x3  
  77  9:35  Marine  
  81  9:39  Medivac x2, Factory  
  85  9:48  Refinery  
  85  9:49  Refinery  
  85  9:53  Supply Depot  
  85  9:56  Supply Depot  
  85  10:05  Barracks  
  85  10:06  Barracks  
  85  10:15  Marine x5, SCV x3  
  85  10:16  Supply Depot  
  93  10:27  SCV x3  
  96  10:32  Marine  
  94  10:53  Marine x5  
  94  10:54  Supply Depot  
  94  10:55  Factory Tech Lab  
  94  10:56  Medivac x2  
  105  10:58  SCV  
  105  11:01  Barracks Tech Lab  
  105  11:02  Barracks Tech Lab  
  104  11:05  SCV, Supply Depot  
  104  11:06  Concussive Shells  
  104  11:07  Siege Tank  
  104  11:10  Marine  
  109  11:15  Marine x2  
  109  11:16  Marauder, SCV x2, Supply Depot  
  109  11:17  Supply Depot  
  115  11:19  Supply Depot x2  
  115  11:20  Engineering Bay x2  
  115  11:26  Medivac x2  
  115  11:27  Supply Depot  
  115  11:29  Marine x2, SCV x2  
  115  11:30  Marine x2  
  125  11:37  Marine x2  
  125  11:38  Marauder, SCV, Siege Tank  
  125  11:39  Siege Tank  
  136  11:40  Supply Depot  
  136  11:41  SCV  
  136  11:43  Refinery  
  136  11:44  Refinery  
  136  11:46  SCV  
  138  11:47  Marine x3  
  138  11:50  SCV  
  138  11:52  Marauder  
  138  11:53  SCV  
  145  11:55  Marine  
  146  12:07  Ghost Academy  
  147  12:08  SCV x2  
  147  12:10  Siege Tank  
  147  12:12  Siege Tank  
  149  12:42  Widow Mine  
  149  12:44  Widow Mine  
  118  13:17  Unknown  
  120  13:25  Barracks  
  120  13:27  Barracks  
  120  13:30  Barracks x2  
  117  13:46  Unknown  
Tags
 
Add a new tag
Caveats
  • Supply blocks, unpowered buildings, or Contaminate may cause inaccurate times.
  • Supply counts are checked every 10 seconds.